AoeStats
← FC_M@sTer

Oasis

508796247Analyzed
3v3 RM · 9d ago on Sep 24, 2026· 14m 55s· 6 players
Game mode
Random Map
Map size
Normal (6 player)
Population
200
Speed
Normal
Resources
Standard
Victory
Conquest
Starting age
Dark Age
Ending age
Imperial Age
RankedLock teamsTeams togetherTeam positionsShared explorationLock speedFull tech treeHidden civsTurbo modeCheats
Victory
Defeat
🇨🇴 Persians · Colombia
1363
+12
1304
+15
🇨🇴 Wu · Colombia
942
+28
🇨🇦 Mongols · Canada
1283
-19
🇨🇳 Berbers · China
1256
-18
🇨🇳 Romans · China
1254
-18
小明
5:19 Loom
10:41 Feudal Age
16:32 Castle Age
HellSong
2:47 Loom
10:31 Feudal Age
14:40 Castle Age
14:04 Horse Collar
14:11 Double-Bit Axe
zxtanshui
12:32 Feudal Age
12:44 Loom
FC_Satuplese
2:56 Loom
12:33 Feudal Age
13:54 Double-Bit Axe
13:52 Horse Collar
FC_M@sTer
7:25 Loom
9:26 Feudal Age
10:07 Double-Bit Axe
FC_Proyecto_El_Conquistador_X
6:09 Loom
8:42 Feudal Age
9:47 Double-Bit Axe
9:49 Horse Collar
Connection lost

Rejoining the realm…

Still unreachable

The connection could not be restored.

Session expired

The server has moved on; the page needs a fresh start.